Map: Nightscape LE

Players

qqq - Winner!

  • Race: Zerg Zerg
  • League: Platinum
  • Spawn Location: 1:00

Massa - Winner!

  • Race: Terran Terran
  • League: Platinum
  • Spawn Location: 1:00

Rabbit

  • Race: Zerg Zerg
  • Spawn Location: 7:00

Sparky

  • Race: Terran Terran
  • Spawn Location: 7:00

VOD

Have the link to the VOD?

Description

Time

  • Played on: Jan. 23, 2021, 7:43 a.m.
  • Length: 15:47
Show
View Real Time Build Order
Export as new Build Order

qqq Zerg - Winner!

Build Orders: Hatch First, Brood Lord Corruptor 

Get SALT Encoding   

  12  0:01  Drone  
  13  0:14  Drone  
  14  0:19  Overlord  
  14  0:48  Drone  
  15  0:51  Hatchery  
  15  0:55  Drone  
  15  1:03  Drone x2  
  17  1:23  Spawning Pool  
  17  1:24  Extractor  
  15  1:31  Drone x2  
  17  1:37  Drone  
  18  1:49  Drone  
  18  1:54  Drone  
  20  2:04  Drone  
  20  2:07  Drone  
  22  2:10  Queen  
  22  2:11  Queen  
  26  2:15  Drone  
  26  2:18  Overlord  
  27  2:25  Drone  
  28  2:30  Metabolic Boost  
  28  2:33  Overlord  
  28  2:37  Drone  
  28  2:40  Zergling x2  
  30  2:47  Drone  
  30  2:49  Zergling x2  
  32  2:58  Drone  
  33  2:59  Zergling x2  
  34  3:13  Zergling x2  
  34  3:15  Zergling x2  
  36  3:26  Zergling x4, Overlord  
  38  3:27  Zergling x8  
  42  3:39  Zergling x2  
  42  3:40  Zergling x2  
  44  3:46  Zergling x2  
  44  3:48  Lair  
  45  3:49  Hatchery  
  45  3:52  Zergling x2, Overlord  
  45  4:01  Zergling x6  
  45  4:02  Zergling x4  
  50  4:03  Zergling x2  
  50  4:08  Drone  
  50  4:37  Zergling x10  
  42  4:47  Zergling x2  
  42  4:48  Drone x4  
  47  4:53  Spire  
  47  4:55  Drone  
  47  4:56  Drone  
  47  4:58  Extractor  
  47  5:04  Drone x2  
  48  5:20  Zergling x4  
  48  5:21  Drone x3  
  48  5:29  Zergling x6  
  48  5:30  Drone x2  
  54  5:42  Drone  
  54  5:43  Drone x4  
  54  5:44  Drone  
  57  5:54  Zergling x2  
  57  5:55  Zergling x8  
  58  6:04  Extractor  
  58  6:05  Extractor, Spine Crawler  
  58  6:06  Zergling x2  
  58  6:07  Zergling x8  
  60  6:16  Mutalisk  
  53  6:37  Drone x2  
  53  6:38  Mutalisk x2  
  57  6:48  Overlord  
  56  6:58  Overlord x2  
  52  7:02  Zerg Flyer Weapons Level 1  
  52  7:04  Mutalisk  
  52  7:06  Drone, Infestation Pit  
  52  7:19  Mutalisk  
  52  7:21  Zergling x8  
  52  7:22  Zergling x2  
  59  7:31  Drone  
  60  7:49  Mutalisk x3  
  66  7:59  Mutalisk x2  
  70  8:11  Mutalisk  
  72  8:13  Drone  
  72  8:16  Drone x3  
  72  8:18  Hatchery, Overlord  
  72  8:19  Overlord x4  
  75  8:27  Hatchery  
  75  8:31  Hatchery x2  
  72  8:37  Hatchery  
  72  8:38  Mutalisk x3  
  77  8:53  Hive  
  77  8:56  Spore Crawler  
  77  8:57  Spore Crawler  
  77  9:01  Mutalisk  
  76  9:22  Mutalisk  
  76  9:23  Mutalisk  
  71  9:40  Drone x2  
  71  9:42  Overseer x2  
  71  9:44  Pneumatized Carapace  
  73  9:49  Drone x3  
  76  10:11  Drone  
  76  10:12  Drone x6  
  81  10:17  Greater Spire  
  81  10:19  Corruptor x3  
  81  10:21  Overlord x6  
  87  10:22  Overlord x2  
  87  10:23  Drone x5  
  87  10:26  Queen  
  94  10:29  Drone  
  94  10:30  Drone  
  94  10:32  Extractor  
  95  10:35  Spine Crawler  
  95  10:36  Drone x2  
  95  10:39  Drone x2  
  98  10:44  Corruptor  
  98  10:45  Viper  
  98  10:48  Drone x2  
  98  10:49  Drone  
  106  10:50  Drone  
  99  11:25  Corruptor x4  
  101  11:26  Drone  
  101  11:27  Drone x8  
  116  11:39  Zergling x6  
  120  11:40  Zergling x6  
  122  11:56  Brood Lord x2  
  122  11:58  Drone x4  
  122  11:59  Drone x2  
  132  12:01  Extractor x2, Spine Crawler  
  132  12:03  Spine Crawler  
  132  12:07  Extractor  
  127  12:17  Brood Lord x2  
  127  12:20  Drone x3  
  127  12:21  Drone x3  
  131  12:50  Spine Crawler  
  117  12:53  Drone x2  
  117  12:54  Drone x7  
  117  12:57  Brood Lord x3  
  132  13:15  Drone x2  
  127  13:23  Spine Crawler  
  124  13:48  Spine Crawler  
  124  13:49  Spine Crawler, Corruptor x2  
  124  13:50  Corruptor  
  124  13:52  Brood Lord  
  124  13:53  Viper x2  
  124  13:54  Zergling x2  
  137  13:55  Drone  
  137  13:56  Drone x2  
  137  13:58  Queen  
  137  14:02  Hatchery  
  141  14:16  Hatchery  
  140  14:17  Hatchery  
  139  14:34  Queen  
  141  14:52  Corruptor x2  
  141  14:53  Corruptor x4  
  141  14:56  Brood Lord x2  
  155  15:18  Drone x3  
Show
View Real Time Build Order
Export as new Build Order

Massa Terran - Winner!

Build Orders:  

Get SALT Encoding   

  12  0:00  SCV  
  13  0:12  SCV  
  14  0:18  Supply Depot  
  14  0:24  SCV  
  15  0:39  SCV  
  15  0:41  Barracks  
  16  0:50  Refinery  
  16  0:51  SCV  
  17  1:03  SCV  
  18  1:15  SCV  
  20  1:33  Orbital Command  
  19  1:40  Command Center  
  19  1:49  Barracks Reactor  
  19  1:59  SCV  
  20  2:04  Supply Depot  
  20  2:11  SCV  
  20  2:14  Bunker  
  21  2:23  SCV  
  21  2:25  Marine x2  
  21  2:28  Factory  
  24  2:43  Marine x2  
  26  2:50  Supply Depot  
  26  2:55  Orbital Command  
  26  2:56  SCV  
  27  3:01  Marine x2  
  29  3:08  SCV  
  30  3:13  Starport  
  32  3:26  SCV x2  
  32  3:29  Barracks Tech Lab, Hellion x2  
  36  3:38  SCV x2  
  36  3:40  Barracks Tech Lab  
  38  3:51  Hellion x2, Supply Depot  
  38  3:52  SCV x2  
  44  3:56  Barracks  
  44  4:04  SCV x2  
  44  4:06  Barracks Tech Lab  
  46  4:11  Banshee  
  46  4:16  SCV  
  50  4:18  Refinery, SCV  
  50  4:20  Refinery  
  50  4:22  Cloaking Field  
  51  4:28  SCV  
  51  4:30  SCV  
  47  4:40  SCV  
  42  5:11  Barracks Tech Lab  
  42  5:18  Refinery  
  41  5:23  Armory  
  41  5:24  Engineering Bay  
  41  5:28  Banshee, Supply Depot  
  43  5:30  Supply Depot  
  43  5:31  Supply Depot  
  43  5:35  Supply Depot  
  43  5:39  Stimpack  
  43  5:46  Command Center  
  43  5:58  Marine x2  
  43  6:00  Siege Tank  
  45  6:12  Banshee  
  45  6:16  SCV x2, Marine  
  51  6:20  Marine  
  51  6:23  Marauder  
  54  6:28  SCV x2  
  55  6:33  Marine, Siege Tank  
  55  6:35  Barracks  
  55  6:36  Barracks  
  55  6:37  Barracks  
  55  6:38  Marine  
  60  6:40  SCV  
  60  6:45  Marauder  
  63  6:51  Marine  
  64  7:06  Marauder  
  59  7:11  Marine x2  
  57  7:27  Marauder  
  57  7:29  Marine x2  
  61  7:31  Medivac  
  63  7:37  Barracks Reactor, Barracks Tech Lab  
  63  7:40  Barracks Tech Lab  
  63  7:41  Combat Shield  
  63  7:47  Marine x2  
  63  7:49  Marauder  
  67  7:58  Concussive Shells  
  67  8:01  Terran Infantry Weapons Level 1, Medivac, Terran Vehicle Weapons Level 1  
  67  8:04  Missile Turret  
  67  8:05  Marine x2  
  71  8:06  Missile Turret  
  71  8:10  Orbital Command, Marauder  
  73  8:22  SCV x2, Marine  
  73  8:23  Marine  
  77  8:31  Command Center  
  77  8:32  Marauder  
  79  8:34  SCV x2  
  81  8:43  Marauder x2, Marine x4  
  81  8:46  SCV x2, Siege Tank  
  94  8:53  Marauder  
  96  8:56  Missile Turret  
  96  8:57  SCV  
  96  8:58  SCV x2  
  96  9:01  Marine x4  
  103  9:04  Marauder x2  
  103  9:08  Engineering Bay  
  103  9:09  SCV  
  108  9:10  SCV  
  109  9:19  Supply Depot  
  109  9:21  Supply Depot  
  109  9:22  Supply Depot  
  109  9:23  Supply Depot  
  109  9:29  Marine  
  109  9:34  SCV  
  109  9:41  Marauder x2, Marine, Siege Tank  
  117  9:46  Supply Depot x2  
  117  9:49  Supply Depot  
  117  9:52  Raven, Supply Depot  
  117  9:55  Terran Infantry Armor Level 1  
  117  9:58  Starport  
  119  10:02  Refinery  
  119  10:03  Refinery  
  119  10:10  Sensor Tower, Missile Turret  
  119  10:14  Planetary Fortress  
  119  10:16  SCV x3  
  122  10:22  Siege Tank  
  122  10:25  Smart Servos  
  122  10:28  SCV x2  
  127  10:33  Terran Infantry Weapons Level 2  
  127  10:34  Missile Turret  
  127  10:45  Command Center  
  127  10:49  Marauder x3, Marine x2  
  134  10:50  Marine x2  
  134  10:55  Siege Tank  
  140  11:07  Marine x2  
  140  11:10  Marauder x2  
  137  11:27  Siege Tank  
  118  11:44  Drilling Claws  
  113  11:50  Marauder x3, Marine  
  113  11:51  Marine x3  
  93  12:08  Marine  
  93  12:09  Marine x3  
  93  12:11  Marauder  
  93  12:12  Marauder x2  
  93  12:14  Siege Tank  
  103  12:16  Planetary Fortress  
  103  12:19  SCV x4  
  103  12:22  Terran Infantry Armor Level 2  
  107  12:26  Marine  
  107  12:27  Marine x3  
  111  12:31  SCV x4  
  111  12:33  Marauder x3  
  111  12:34  Corvid Reactor  
  121  12:43  SCV  
  121  12:44  Marine x3  
  122  12:46  Siege Tank  
  122  12:47  Refinery  
  123  12:51  Refinery  
  123  12:54  Marauder  
  123  12:55  Marauder x2  
  121  13:16  Marauder x3  
  121  13:18  Siege Tank  
  127  13:37  Marauder x3  
  127  13:39  Command Center  
  127  13:50  Siege Tank  
  130  13:57  Marine x4  
  130  13:58  Marauder  
  130  13:59  Marauder x2  
  140  14:08  Missile Turret  
  140  14:14  Marine  
  140  14:15  Marine x3  
  144  14:20  Marauder x3  
  144  14:22  Siege Tank  
  150  14:29  Missile Turret  
  150  14:32  Marine  
  150  14:33  Marine x3  
  146  14:41  Marauder x3  
  139  14:50  SCV x5, Marine, Missile Turret  
  139  14:51  Marine x3  
  148  14:54  Siege Tank  
  151  15:02  SCV x4, Marauder, Marine x2  
  151  15:03  SCV  
  151  15:07  Medivac x2  
  162  15:08  Marine x3  
  162  15:10  Missile Turret  
  164  15:14  SCV x3  
  164  15:21  Marauder  
  161  15:23  Marine  
Show
View Real Time Build Order
Export as new Build Order

Rabbit Zerg 

Build Orders: Hatch First 

Get SALT Encoding   

  12  0:02  Drone  
  13  0:12  Overlord  
  13  0:17  Drone  
  14  0:30  Drone x2  
  16  0:51  Hatchery, Drone  
  16  0:54  Drone  
  17  0:58  Drone  
  18  1:06  Extractor  
  18  1:08  Extractor  
  16  1:16  Spawning Pool  
  15  1:19  Drone  
  15  1:23  Drone  
  17  1:28  Drone  
  18  1:39  Drone  
  19  1:49  Drone  
  19  1:51  Evolution Chamber  
  19  2:01  Overlord  
  19  2:04  Queen  
  19  2:08  Metabolic Boost  
  21  2:11  Drone  
  21  2:15  Drone  
  23  2:24  Drone  
  23  2:29  Zerg Ground Armor Level 1  
  24  2:37  Zergling x4  
  26  2:47  Baneling Nest  
  25  2:52  Queen  
  27  3:01  Drone x3  
  30  3:08  Overlord  
  30  3:13  Drone x2  
  32  3:20  Drone  
  32  3:21  Drone  
  34  3:31  Drone x2  
  35  3:39  Zergling x8  
  39  3:58  Hatchery  
  39  3:59  Drone x3  
  41  4:05  Drone  
  41  4:08  Spore Crawler  
  41  4:11  Spore Crawler  
  41  4:12  Drone x2  
  42  4:26  Zergling x4  
  42  4:30  Baneling x2  
  42  4:41  Zergling x4  
  42  4:48  Overlord x2  
  42  4:50  Zerg Melee Weapons Level 1  
  42  4:55  Spine Crawler  
  42  4:57  Zergling x4  
  45  5:17  Zergling x14  
  49  5:27  Zergling x8  
  49  5:28  Zergling x6  
  53  5:35  Zergling x2  
  53  5:39  Zergling x4  
  53  5:53  Zergling x8  
  55  5:59  Hatchery  
  56  6:04  Zergling x6  
  56  6:07  Zergling x4  
  56  6:09  Overlord x2  
  55  6:28  Zergling x12  
  42  6:47  Zergling x6  
  42  6:49  Lair  
  42  6:50  Drone  
  42  6:51  Drone x3  
  47  6:57  Zergling x2  
  48  7:06  Drone x2  
  45  7:20  Drone x5  
  48  7:24  Drone x2, Spore Crawler  
  48  7:26  Drone x2, Spore Crawler  
  48  7:28  Queen  
  50  7:36  Hatchery  
  48  7:45  Spore Crawler  
  48  7:46  Zergling x8  
  48  7:47  Zergling x6, Spore Crawler  
  53  7:53  Zergling x6  
  53  7:54  Zergling x2  
  57  8:04  Zergling x6  
  60  8:06  Spire  
  60  8:09  Zerg Ground Armor Level 2  
  59  8:15  Infestation Pit  
  59  8:17  Spore Crawler  
  57  8:21  Baneling x2  
  57  8:22  Baneling, Zergling x2  
  57  8:25  Overlord x5  
  58  8:27  Centrifical Hooks  
  58  8:33  Overlord x2  
  58  8:46  Drone x2  
  58  8:47  Drone x4  
  64  8:50  Drone x3  
  64  8:51  Drone  
  68  9:02  Drone x6  
  74  9:03  Drone  
  74  9:05  Drone  
  75  9:16  Drone x5  
  80  9:18  Extractor  
  80  9:21  Extractor x2  
  80  9:22  Extractor  
  76  9:35  Hive  
  76  9:40  Baneling x6  
  76  9:41  Baneling x11  
  76  9:45  Overseer  
  76  9:48  Spore Crawler  
  75  10:12  Spore Crawler  
  75  10:13  Spore Crawler  
  73  10:15  Spore Crawler  
  73  10:19  Drone x3, Spore Crawler  
  73  10:20  Drone x3, Spore Crawler  
  76  10:33  Hatchery  
  75  10:37  Spore Crawler  
  74  10:44  Zergling x16  
  74  10:45  Zergling x32  
  98  10:53  Adrenal Glands  
  98  10:56  Ultralisk Cavern  
  97  11:04  Zergling x12  
  103  11:17  Overlord x5  
  84  11:26  Zergling x20  
  70  11:51  Ultralisk x3  
  75  12:02  Zerg Ground Armor Level 3  
  75  12:07  Zergling x2  
  75  12:08  Zergling x14  
  83  12:21  Extractor  
  83  12:22  Chitinous Plating  
  82  12:35  Zergling x34  
  82  12:36  Zergling x2  
  100  12:52  Ultralisk x2  
  97  13:14  Zergling x2  
  97  13:15  Zergling x24  
  81  13:40  Ultralisk x2  
  89  14:05  Zergling x24  
  89  14:08  Anabolic Synthesis  
  98  14:37  Ultralisk  
  89  14:39  Zergling x18  
  89  14:40  Zergling x8  
  98  14:55  Zergling x10  
  101  15:05  Zergling x8  
  89  15:19  Zergling x6  
Show
View Real Time Build Order
Export as new Build Order

Sparky Terran 

Build Orders: 2 Factory, Mech 

Get SALT Encoding   

  12  0:00  SCV  
  13  0:15  SCV  
  14  0:22  Supply Depot  
  14  0:27  SCV  
  15  0:44  SCV  
  15  0:45  Barracks  
  16  0:51  Refinery  
  16  0:56  SCV  
  17  1:08  SCV  
  18  1:17  Supply Depot  
  18  1:20  Refinery, SCV  
  19  1:32  SCV  
  20  1:36  Marine  
  21  1:47  Supply Depot  
  21  1:50  SCV  
  22  1:55  Marine  
  23  2:03  Orbital Command  
  23  2:07  Factory  
  23  2:13  Marine  
  24  2:21  Factory  
  24  2:30  SCV, Marine  
  26  2:42  SCV  
  27  2:53  Factory Tech Lab  
  27  3:02  Command Center  
  27  3:03  Marine  
  28  3:08  Widow Mine  
  28  3:09  SCV  
  31  3:16  Siege Tank  
  34  3:22  SCV  
  35  3:41  SCV  
  35  3:45  Supply Depot  
  35  3:46  Widow Mine, Marine  
  39  3:52  Supply Depot  
  39  3:58  Supply Depot  
  39  4:06  SCV, Siege Tank  
  43  4:21  Hellion, Marine  
  42  4:39  Marine, Siege Tank  
  42  4:43  Hellion  
  41  4:57  Marine  
  39  5:04  Hellion  
  41  5:11  Cyclone  
  44  5:15  Marine  
  45  5:32  Marine  
  45  5:33  SCV  
  47  5:43  Cyclone, Factory x2  
  47  5:45  SCV x2  
  47  5:48  Engineering Bay  
  52  5:50  Marine  
  53  6:08  Marine  
  53  6:09  SCV  
  55  6:13  Widow Mine  
  55  6:15  Factory, Siege Tank  
  60  6:26  Marine  
  60  6:31  Hellion x2  
  65  6:34  Hellion  
  65  6:38  Supply Depot  
  67  6:44  Marine  
  68  6:47  Siege Tank  
  68  6:51  SCV  
  68  6:52  Hellion  
  68  6:53  Refinery  
  71  7:03  SCV  
  57  7:22  SCV  
  55  7:25  Cyclone  
  55  7:28  Factory Tech Lab x2, Marine  
  59  7:31  Factory Reactor  
  59  7:34  SCV  
  59  7:43  Missile Turret  
  59  7:44  Missile Turret  
  59  7:46  Marine  
  59  7:49  Refinery  
  60  7:56  Cyclone  
  60  7:57  Cyclone  
  62  8:00  Cyclone  
  62  8:02  Missile Turret  
  65  8:11  SCV  
  66  8:18  Missile Turret  
  66  8:20  Marine  
  66  8:23  SCV  
  66  8:24  Hellion  
  66  8:26  Hellion  
  72  8:28  Cyclone  
  72  8:30  Widow Mine  
  72  8:33  SCV  
  78  8:35  SCV  
  78  8:38  Marine  
  78  8:40  Armory  
  80  8:45  SCV  
  80  8:47  SCV  
  82  8:56  Marine  
  82  8:59  SCV  
  84  9:04  Command Center  
  84  9:11  SCV  
  85  9:23  SCV  
  86  9:27  Siege Tank  
  86  9:28  Siege Tank  
  76  9:35  SCV  
  76  9:38  SCV  
  66  9:41  Siege Tank  
  66  9:43  Marine  
  67  9:48  SCV  
  68  9:59  Siege Tank  
  71  10:00  Marine, Siege Tank  
  71  10:03  Hellbat x2  
  71  10:05  Hellion  
  81  10:13  Siege Tank  
  84  10:18  Marine  
  85  10:25  Hellion  
  87  10:31  Siege Tank  
  90  10:36  Marine, Siege Tank  
  90  10:38  Hellion  
  96  10:45  Siege Tank  
  99  10:50  Terran Vehicle Weapons Level 1  
  99  10:54  Marine  
  100  11:03  Siege Tank  
  99  11:08  Siege Tank  
  91  11:17  Siege Tank  
  80  11:21  Marine  
  72  11:35  Thor  
  72  11:38  Marine  
  78  11:40  Widow Mine x3  
  82  11:56  Marine  
  85  12:01  Widow Mine  
  85  12:14  Marine  
  82  12:32  Marine, Command Center, Thor  
  83  12:37  Thor  
  83  13:09  Thor  
  84  13:25  Marine  
  85  13:43  Marine  
  85  13:44  Thor x2  
  95  13:52  Hellion x3  
  101  14:08  Marine  
  99  14:13  Hellion  
  101  14:24  Hellion  
  100  14:26  Marine  
  99  14:40  Siege Tank x2  
  99  14:44  Marine  
  100  15:02  Marine  
  101  15:14  Hellion x2, Siege Tank  
  101  15:16  Hellion  
  101  15:20  Marine  
Tags
 
Add a new tag
Caveats
  • Supply blocks, unpowered buildings, or Contaminate may cause inaccurate times.
  • Supply counts are checked every 10 seconds.